[Event "3rd FIDE WCCC Rapid U12 2019"]
[Site "Minsk"]
[Date "2019.08.16"]
[Round "4.4"]
[White "Chung, Ethan Cheung Jing"]
[Black "Ponomarev, Vsevolod"]
[Result "0-1"]
[ECO "B21"]
[WhiteElo "1656"]
[BlackElo "1980"]
[Annotator "NA"]
[PlyCount "94"]
[EventDate "2019.08.16"]
[EventType "swiss"]
[EventCountry "BLR"]
[SourceTitle "playchess.com"]
[Source "ChessBase"]
[SourceQuality "1"]
[TimeControl "600+5"]

1. e4 c5 2. d4 cxd4 3. c3 dxc3 4. Nxc3 d6 5. Nf3 Nf6 6. Bc4 e6 7. O-O Be7 8. Qe2 O-O 9. Rd1 Qa5 10. Bf4 Rd8 11. a3 Nc6 12. b4 Qh5 13. h3 e5 14. Bg3 Bf8 15. Nd5 Nxd5 16. Bxd5 Ne7 17. Rac1 Nxd5 18. Rxd5 Be6 19. Rd2 Rac8 20. Rcd1 Be7 21. Qb5 b6 22. Qa4 Rd7 23. Nxe5 Rdc7 24. Nf3 h6 25. Bxd6 Bxd6 26. Rxd6 b5 27. Qa5 Bxh3 28. Rd8+ Kh7 29. R8d5 Qg6 30. Ne1 Be6 31. R5d4 Rc1 32. Qxb5 Bb3 33. Rxc1 Rxc1 34. Qe2 Qc6 35. g3 Qc3 36. Rd2 Bc4 37. Qe3 Qxe3 38. fxe3 Rxe1+ 39. Kf2 Ra1 40. Rc2 Bd3 41. Rc3 Bxe4 42. Ke2 Ra2+ 43. Kf1 Kg6 44. Rb3 Kf5 45. b5 Ke5 46. Ke1 f5 47. Kd1 Bc2+ 0-1

[Event "3rd FIDE WCCC Rapid U12 2019"]
[Site "Minsk"]
[Date "2019.08.16"]
[Round "4.5"]
[White "Kopylov, Artem"]
[Black "Sahib Singh"]
[Result "0-1"]
[ECO "E04"]
[WhiteElo "1901"]
[BlackElo "1556"]
[Annotator "NA"]
[PlyCount "60"]
[EventDate "2019.08.16"]
[EventType "swiss"]
[EventCountry "BLR"]
[SourceTitle "playchess.com"]
[Source "ChessBase"]
[SourceQuality "1"]
[TimeControl "600+5"]

1. d4 d5 2. c4 e6 3. Nf3 Nf6 4. g3 dxc4 5. Bg2 Nc6 6. O-O Bd7 7. Qc2 b5 8. a3 Be7 9. Nc3 Rb8 10. Rd1 O-O 11. Ne5 Qe8 12. Bf4 Bd6 13. e4 Bxe5 14. dxe5 Ng4 15. a4 a6 16. axb5 axb5 17. Qd2 Ngxe5 18. Bxe5 Nxe5 19. Ra7 Qc8 20. Qf4 f6 21. Qe3 Ra8 22. Rxa8 Qxa8 23. Qc5 Qc6 24. Qe3 Rd8 25. f4 Ng4 26. Qd4 e5 27. Qd5+ Qxd5 28. Rxd5 Ne3 29. Rd2 Nxg2 30. Kxg2 Bh3+ 0-1

[Event "3rd FIDE WCCC Rapid U12 2019"]
[Site "Minsk"]
[Date "2019.08.17"]
[Round "5.1"]
[White "Cherniaiev, Tykhon"]
[Black "Sidletskyi, Ivan"]
[Result "1-0"]
[ECO "B24"]
[WhiteElo "2112"]
[BlackElo "1986"]
[Annotator "NA"]
[PlyCount "67"]
[EventDate "2019.08.16"]
[EventType "swiss"]
[EventCountry "BLR"]
[SourceTitle "playchess.com"]
[Source "ChessBase"]
[SourceQuality "1"]
[TimeControl "600+5"]

1. e4 c5 2. Nc3 Nc6 3. Bb5 Nd4 4. Nf3 g6 5. Nxd4 cxd4 6. Ne2 Bg7 7. O-O a6 8. Ba4 e6 9. d3 Ne7 10. Qe1 O-O 11. f3 b5 12. Bb3 d5 13. Qh4 Nc6 14. Bg5 f6 15. Bh6 Ne7 16. Bxg7 Kxg7 17. Nxd4 g5 18. Qf2 Qd6 19. c3 e5 20. Nc2 a5 21. a3 Be6 22. Rad1 Qc7 23. d4 Rad8 24. dxe5 fxe5 25. Ne3 Qd6 26. Qg3 h6 27. Bxd5 Bxd5 28. Nxd5 Qc5+ 29. Kh1 Nxd5 30. Qxe5+ Kh7 31. Rxd5 Rxd5 32. exd5 Rd8 33. Rd1 Rd7 34. Qf5+ 1-0

[Event "3rd FIDE WCCC Rapid U12 2019"]
[Site "Minsk"]
[Date "2019.08.17"]
[Round "5.2"]
[White "Ponomarev, Vsevolod"]
[Black "Saveljev, Ivan"]
[Result "1-0"]
[ECO "B33"]
[WhiteElo "1980"]
[BlackElo "2040"]
[Annotator "NA"]
[PlyCount "91"]
[EventDate "2019.08.16"]
[EventType "swiss"]
[EventCountry "BLR"]
[SourceTitle "playchess.com"]
[Source "ChessBase"]
[SourceQuality "1"]
[TimeControl "600+5"]

1. e4 c5 2. Nf3 Nc6 3. d4 cxd4 4. Nxd4 Nf6 5. Nc3 e5 6. Ndb5 d6 7. Bg5 a6 8. Na3 b5 9. Nd5 Be7 10. Bxf6 Bxf6 11. c3 O-O 12. Nc2 Bg5 13. a4 bxa4 14. Rxa4 Kh8 15. Qa1 a5 16. Nce3 Bd7 17. Nc4 f5 18. Bd3 Be6 19. O-O Ne7 20. Nxe7 Bxe7 21. Nxa5 Qc7 22. exf5 Bd7 23. Ra2 d5 24. Nb3 Rxa2 25. Qxa2 e4 26. Be2 Bxf5 27. Nd4 Bd7 28. Qxd5 Re8 29. h3 Bg5 30. Qxg5 Qb7 31. b4 Qc7 32. Qc5 Qf4 33. Bb5 Rc8 34. Qd5 Bxb5 35. Qxb5 h6 36. Ne2 Qd2 37. Qf5 Re8 38. Ng3 Qd3 39. Qg6 Re7 40. Re1 Qxc3 41. Rxe4 Rxe4 42. Qxe4 Qc7 43. b5 Qb6 44. Qc6 Qd4 45. b6 Qd1+ 46. Kh2 1-0

[Event "3rd FIDE WCCC Rapid U12 2019"]
[Site "Minsk"]
[Date "2019.08.17"]
[Round "5.3"]
[White "Sahib Singh"]
[Black "Khubukshanov, Erdem"]
[Result "0-1"]
[ECO "B32"]
[WhiteElo "1556"]
[BlackElo "2257"]
[Annotator "NA"]
[PlyCount "162"]
[EventDate "2019.08.16"]
[EventType "swiss"]
[EventCountry "BLR"]
[SourceTitle "playchess.com"]
[Source "ChessBase"]
[SourceQuality "1"]
[TimeControl "600+5"]

1. e4 c5 2. Nf3 Nc6 3. d4 cxd4 4. Nxd4 Qb6 5. Nb3 Nf6 6. Nc3 e6 7. Be3 Qc7 8. a3 Be7 9. Be2 {[%emt 0:00:07] B33: Sicilian: Pelikan and Sveshnikov Variations} O-O 10. O-O Rd8 11. Bf3 (11. f4 $14) 11... Ne5 $146 ({Predecessor:} 11... d6 12. Qd2 Ne5 13. Be2 Bd7 14. f4 Nc4 15. Qc1 Nxe3 16. Qxe3 Bc6 {0-1 (42) Gundogan,C (1816)-Bal,S (1609) Konya 2010}) 12. Bf4 Nxf3+ 13. Qxf3 d6 14. Rad1 {[%emt 0:00:07] [#]} e5 $1 15. Bg5 Bg4 16. Qg3 Bxd1 17. Rxd1 Kh8 18. Qd3 Ng8 19. Nd5 Qd7 20. Be3 Nf6 21. Nd2 Nxd5 22. Qxd5 Bf8 23. Nf3 f6 24. c4 Qc6 25. Qd3 Rac8 26. b3 a6 27. a4 Rd7 28. a5 Be7 29. Ne1 Bd8 30. Ra1 {[%emt 0:00:26] [#]} f5 $1 31. exf5 $19 d5 32. Rd1 d4 33. Bd2 e4 34. Qh3 e3 35. Bb4 exf2+ 36. Kxf2 Bg5 37. Nf3 Be3+ 38. Kf1 Qf6 39. Rd3 Rf7 40. g4 Re8 41. Be1 Qc6 42. Kg2 Qe4 43. Rxe3 dxe3 44. Kg1 Qf4 45. Kg2 e2 46. Bg3 Qe4 47. Be1 Rd8 48. Kg1 Qe3+ 49. Kg2 Kg8 50. Qh4 Qe7 51. Ng5 h6 52. Nxf7 Qxh4 53. Bxh4 Kxf7 54. Kf2 Rd3 55. b4 Rd4 56. Kxe2 Rxg4 57. Bf2 Rxc4 58. Bc5 Kf6 59. Kf3 Kxf5 60. Bf8 g5 61. Bxh6 Rxb4 62. Bg7 Rb3+ 63. Kf2 Ra3 64. Bf8 Rxa5 65. Bb4 Rb5 66. Bd2 a5 67. Be3 a4 68. Bc1 Rb3 69. Ke2 b5 70. Kf2 b4 71. Kg2 a3 72. h3 a2 73. Bd2 a1=Q 74. Kf2 Rb2 75. Ke3 Qa7+ 76. Kd3 Qd7+ 77. Kc4 Qxd2 78. Kb5 Qd5+ 79. Ka4 Ra2+ 80. Kxb4 Rb2+ 81. Ka4 Qa8# 0-1

[Event "3rd FIDE WCCC Rapid U12 2019"]
[Site "Minsk"]
[Date "2019.08.17"]
[Round "5.4"]
[White "Chyndygyr, Tamerlan"]
[Black "Israfilov, Ali"]
[Result "1-0"]
[ECO "A41"]
[WhiteElo "1984"]
[BlackElo "1857"]
[Annotator "NA"]
[PlyCount "77"]
[EventDate "2019.08.16"]
[EventType "swiss"]
[EventCountry "BLR"]
[SourceTitle "playchess.com"]
[Source "ChessBase"]
[SourceQuality "1"]
[TimeControl "600+5"]

1. d4 d6 2. c4 c6 3. Nc3 Nd7 4. Nf3 h6 5. g3 g5 6. Bg2 Bg7 7. O-O Qa5 8. e4 g4 9. Nh4 Nf8 10. Be3 Bf6 11. Nf5 Bxf5 12. exf5 Qxf5 13. b4 h5 14. Be4 Qd7 15. Qc2 h4 16. Bf5 Qc7 17. Bxg4 hxg3 18. hxg3 Nh6 19. Bh3 Ng6 20. Kg2 Kf8 21. Rh1 e5 22. Ne4 Bg7 23. Rad1 exd4 24. Bxd4 Bxd4 25. Rxd4 Rg8 26. Nf6 Rg7 27. Qd2 Ng8 28. Nd7+ Ke8 29. Re1+ N8e7 30. Qh6 Rg8 31. Nf6+ Kd8 32. Nxg8 Nxg8 33. Qg5+ N8e7 34. Bf5 c5 35. Rde4 Ne5 36. Qf6 Qc6 37. b5 Qe8 38. Rxe5 dxe5 39. Rd1+ 1-0

[Event "3rd FIDE WCCC Rapid U12 2019"]
[Site "Minsk"]
[Date "2019.08.17"]
[Round "5.5"]
[White "Strybuk, Artsiom I"]
[Black "Gavrilov, Maxim"]
[Result "1-0"]
[ECO "D11"]
[WhiteElo "2200"]
[BlackElo "1808"]
[Annotator "NA"]
[PlyCount "149"]
[EventDate "2019.08.16"]
[EventType "swiss"]
[EventCountry "BLR"]
[SourceTitle "playchess.com"]
[Source "ChessBase"]
[SourceQuality "1"]
[TimeControl "600+5"]

1. d4 d5 2. c4 c6 3. Nf3 Nf6 4. e3 e6 5. b3 Nbd7 6. Bb2 Be7 7. Bd3 O-O 8. O-O b6 9. Nc3 Bb7 10. Qc2 h6 11. Rad1 Rc8 12. e4 dxe4 13. Nxe4 Nxe4 14. Bxe4 Nf6 15. Bd3 Qc7 16. Rfe1 c5 17. d5 exd5 18. Be5 Qc6 19. cxd5 Nxd5 20. Bh7+ Kh8 21. Be4 Rcd8 22. Qb2 Rg8 23. Rd2 Qc8 24. Red1 Nf6 25. Bxb7 Qxb7 26. h3 Rxd2 27. Rxd2 Rd8 28. Rxd8+ Bxd8 29. Qe2 Qe4 30. Qd1 Be7 31. Bb2 Qd5 32. Qe2 Qe6 33. Qa6 Qd7 34. Qe2 Qe6 35. Qc2 Qe4 36. Qd2 Qd5 37. Bxf6 Qxd2 38. Bxg7+ Kxg7 39. Nxd2 Bf6 40. Kf1 Bd4 41. Ke2 Kf6 42. f4 Kf5 43. Kf3 b5 44. g4+ Ke6 45. Ke4 a5 46. a4 bxa4 47. bxa4 Bc3 48. Nc4 Bb4 49. h4 Kf6 50. h5 Kg7 51. Nd6 Bd2 52. Nb7 Bb4 53. Kd5 Bd2 54. Kxc5 Bxf4 55. Nxa5 Kf6 56. Nc6 Kg5 57. a5 Be3+ 58. Nd4 Bf4 59. a6 Bb8 60. Nc6 Kxg4 61. Nxb8 Kxh5 62. a7 Kg4 63. a8=Q h5 64. Qg2+ Kf5 65. Nc6 h4 66. Qh3+ Kg5 67. Ne5 f5 68. Nf3+ Kg6 69. Nxh4+ Kg5 70. Nxf5 Kf4 71. Kd5 Kg5 72. Ke5 Kg6 73. Qh6+ Kf7 74. Qg7+ Ke8 75. Qe7# 1-0

[Event "3rd FIDE WCCC Rapid U12 2019"]
[Site "Minsk"]
[Date "2019.08.17"]
[Round "5.6"]
[White "Mochalov, Dmitriy"]
[Black "Kurchenko, Egor"]
[Result "1-0"]
[ECO "C67"]
[WhiteElo "1852"]
[BlackElo "1850"]
[Annotator "NA"]
[PlyCount "99"]
[EventDate "2019.08.16"]
[EventType "swiss"]
[EventCountry "BLR"]
[SourceTitle "playchess.com"]
[Source "ChessBase"]
[SourceQuality "1"]
[TimeControl "600+5"]

1. e4 e5 2. Nf3 Nc6 3. Bb5 Nf6 4. O-O Nxe4 5. d4 Nd6 6. Bxc6 dxc6 7. dxe5 Nf5 8. Qxd8+ Kxd8 9. c4 Ke8 10. b3 Be7 11. Bb2 Be6 12. Nc3 h5 13. Ne4 Rh6 14. Kh1 Rd8 15. Rad1 Rxd1 16. Rxd1 Rg6 17. h3 Nh4 18. Nxh4 Bxh4 19. Bd4 b6 20. Kh2 Be7 21. Be3 f6 22. exf6 gxf6 23. Bf4 f5 24. Nc3 Bf6 25. Ne2 Rg7 26. Rd3 Rd7 27. Nc1 Rxd3 28. Nxd3 Kd7 29. Be5 Bg5 30. f4 Be7 31. Kg3 h4+ 32. Kf3 Bf7 33. Ke3 b5 34. Kd4 bxc4 35. bxc4 Be6 36. a4 Bd6 37. a5 Bxe5+ 38. Nxe5+ Kc8 39. a6 c5+ 40. Kxc5 Bg8 41. Nf3 Kd7 42. Nxh4 Be6 43. Nf3 Ke7 44. Ne5 Kd8 45. Nc6+ Kd7 46. Nxa7 Bf7 47. Nc6 Kc8 48. g4 Be6 49. gxf5 Bxf5 50. Ne7+ 1-0

[Event "3rd FIDE WCCC Rapid U12 2019"]
[Site "Minsk"]
[Date "2019.08.17"]
[Round "6.1"]
[White "Ponomarev, Vsevolod"]
[Black "Cherniaiev, Tykhon"]
[Result "0-1"]
[ECO "C47"]
[WhiteElo "1980"]
[BlackElo "2112"]
[Annotator "ChessBase"]
[PlyCount "74"]
[EventDate "2019.08.16"]
[EventType "swiss"]
[EventCountry "BLR"]
[SourceTitle "playchess.com"]
[Source "ChessBase"]
[SourceQuality "1"]
[TimeControl "600+5"]

1. e4 e5 2. Nf3 Nc6 3. Nc3 Nf6 4. d4 exd4 5. Nxd4 d6 6. f3 g6 7. Be3 Bg7 8. Qd2 O-O 9. g4 Ne5 10. Be2 d5 11. g5 Nh5 12. exd5 Bh3 13. O-O-O Re8 14. Rhg1 Qe7 15. Bf2 Nd7 16. f4 Nc5 17. Bxh5 gxh5 18. f5 Ne4 19. Qe3 Bg4 20. f6 Qe5 21. Rde1 Nxf2 22. Qxe5 Rxe5 23. Rxe5 Bf8 24. Ndb5 c6 25. dxc6 bxc6 26. Na3 Bd6 27. Ra5 Bxh2 28. Re1 Bf4+ 29. Kb1 h4 30. Ne4 Re8 31. Rxa7 Nxe4 32. Rxe4 Rd8 33. Re1 Bg3 34. Rae7 Bxe1 35. Rxe1 Rd1+ 36. Rxd1 Bxd1 37. Kc1 h3 0-1

[Event "3rd FIDE WCCC Rapid U12 2019"]
[Site "Minsk"]
[Date "2019.08.17"]
[Round "6.2"]
[White "Khubukshanov, Erdem"]
[Black "Strybuk, Artsiom I"]
[Result "0-1"]
[ECO "C50"]
[WhiteElo "2257"]
[BlackElo "2200"]
[Annotator "ChessBase"]
[PlyCount "70"]
[EventDate "2019.08.16"]
[EventType "swiss"]
[EventCountry "BLR"]
[SourceTitle "playchess.com"]
[Source "ChessBase"]
[SourceQuality "1"]
[TimeControl "600+5"]

1. e4 e5 2. Nf3 Nc6 3. Bc4 Bc5 4. O-O Nf6 5. d3 d6 6. a4 O-O 7. c3 a5 8. Na3 h6 9. Nc2 Ne7 10. Re1 Ng6 11. Ne3 c6 12. Ba2 Bb6 13. c4 Nf4 14. g3 Ne6 15. Nf5 Nc5 16. Bb1 Bxf5 17. exf5 Re8 18. Be3 Ng4 19. Kg2 Nxe3+ 20. Rxe3 Qf6 21. Nh4 d5 22. cxd5 cxd5 23. Ra3 e4 24. dxe4 Nxe4 25. Rf3 Nxf2 26. Qf1 Ng4 27. Qc1 Re2+ 28. Kh3 h5 29. Ng2 Nf2+ 30. Rxf2 Rxf2 31. Rb3 Re8 32. Nf4 Qg5 33. Qd1 Bc7 34. Nxd5 Bb8 35. Rxb7 Rxh2+ 0-1

[Event "3rd FIDE WCCC Rapid U12 2019"]
[Site "Minsk"]
[Date "2019.08.17"]
[Round "6.3"]
[White "Mochalov, Dmitriy"]
[Black "Chyndygyr, Tamerlan"]
[Result "1/2-1/2"]
[ECO "A05"]
[WhiteElo "1852"]
[BlackElo "1984"]
[Annotator "NA"]
[PlyCount "84"]
[EventDate "2019.08.16"]
[EventType "swiss"]
[EventCountry "BLR"]
[SourceTitle "playchess.com"]
[Source "ChessBase"]
[SourceQuality "1"]
[TimeControl "600+5"]

1. Nf3 Nf6 2. g3 g6 3. Bg2 Bg7 4. O-O O-O 5. d3 d6 6. Nbd2 Nbd7 7. e4 c5 8. a4 Rb8 9. Nc4 b6 10. Qe2 Ng4 11. h3 Nge5 12. Nfxe5 Nxe5 13. Nxe5 Bxe5 14. Bh6 Bg7 15. Bxg7 Kxg7 16. f4 b5 17. axb5 Rxb5 18. b3 a5 19. f5 Qb6 20. Kh2 Rb4 21. Qe3 Bd7 22. g4 f6 23. g5 a4 24. bxa4 Rxa4 25. Rxa4 Bxa4 26. fxg6 hxg6 27. gxf6+ exf6 28. c3 Qc7 29. Qg3 Qe7 30. d4 cxd4 31. cxd4 Rb8 32. Qa3 Be8 33. Re1 Qc7 34. Rc1 Qb6 35. Qc3 Bf7 36. e5 dxe5 37. dxe5 Re8 38. exf6+ Qxf6 39. Qxf6+ Kxf6 40. Rc6+ Re6 41. Rxe6+ Bxe6 42. Kg3 Bxh3 1/2-1/2

[Event "3rd FIDE WCCC Rapid U12 2019"]
[Site "Minsk"]
[Date "2019.08.17"]
[Round "6.4"]
[White "Pidluznij, Gleb"]
[Black "Yatchenko, Leonid"]
[Result "1-0"]
[ECO "A64"]
[WhiteElo "1947"]
[BlackElo "1587"]
[Annotator "NA"]
[PlyCount "123"]
[EventDate "2019.08.16"]
[EventType "swiss"]
[EventCountry "BLR"]
[SourceTitle "playchess.com"]
[Source "ChessBase"]
[SourceQuality "1"]
[TimeControl "600+5"]

1. d4 Nf6 2. Nf3 c5 3. d5 e6 4. c4 exd5 5. cxd5 d6 6. Nc3 g6 7. g3 Bg7 8. Bg2 O-O 9. O-O a6 10. a4 Re8 11. Nd2 Nbd7 12. e4 Ne5 13. Qc2 Nh5 14. h3 g5 15. Re1 h6 16. Nd1 Bd7 17. Ne3 Qc7 18. Nf5 Bxf5 19. exf5 b5 20. axb5 axb5 21. Rxa8 Rxa8 22. Qd1 Nf6 23. Nf3 Nfd7 24. Qc2 c4 25. Be3 Nd3 26. Rb1 N7c5 27. b3 cxb3 28. Rxb3 Ra1+ 29. Rb1 Qa5 30. Rxa1 Qxa1+ 31. Kh2 b4 32. Nd2 Bd4 33. Nb3 Nxb3 34. Qxb3 Bxe3 35. Qxd3 Bxf2 36. h4 gxh4 37. gxh4 Qe5+ 38. Kh3 Qf4 39. Be4 Qxh4+ 40. Kg2 Bc5 41. Qf3 Qg5+ 42. Kf1 Qc1+ 43. Kg2 Qd2+ 44. Kf1 Qd4 45. Qg2+ Qg7 46. Qf3 Qg1+ 47. Ke2 Qh2+ 48. Kd3 Qb2 49. Qg3+ Qg7 50. Qh4 Qg5 51. Qh3 Qc1 52. Qg4+ Kh8 53. f6 Qg5 54. Qc8+ Qg8 55. Qf5 b3 56. Kc3 Qg3+ 57. Kc4 Qg8 58. Kxb3 Bd4 59. Qh5 Qg5 60. Qxf7 Qe3+ 61. Ka4 Qxe4 62. Qg7# 1-0

[Event "3rd FIDE WCCC Rapid U12 2019"]
[Site "Minsk"]
[Date "2019.08.17"]
[Round "6.5"]
[White "Saveljev, Ivan"]
[Black "Sahib Singh"]
[Result "1-0"]
[ECO "C02"]
[WhiteElo "2040"]
[BlackElo "1556"]
[Annotator "NA"]
[PlyCount "173"]
[EventDate "2019.08.16"]
[EventType "swiss"]
[EventCountry "BLR"]
[SourceTitle "playchess.com"]
[Source "ChessBase"]
[SourceQuality "1"]
[TimeControl "600+5"]

1. e4 e6 2. d4 d5 3. e5 c5 4. c3 Nc6 5. Nf3 Qb6 6. a3 a5 7. Bd3 cxd4 8. cxd4 Nge7 9. O-O Nf5 10. Bxf5 exf5 11. Nc3 Be6 12. Qd3 Be7 13. Be3 O-O 14. Na4 Qd8 15. Rac1 Rc8 16. Qb5 Rc7 17. Nb6 Na7 18. Qb3 Rc6 19. Na4 Qc7 20. Rxc6 bxc6 21. Qc2 h6 22. Rc1 g5 23. g3 f6 24. Nc5 Bxc5 25. Qxc5 Qg7 26. Qc3 f4 27. Bd2 Bg4 28. exf6 Rxf6 29. Ne5 Bh3 30. g4 f3 31. Nxf3 Bxg4 32. Ne5 Bh5 33. Qg3 Kh7 34. Bxa5 Nb5 35. Bc3 Nd6 36. f3 Nf5 37. Qh3 Nh4 38. Rf1 Qf8 39. Nd7 Qd6 40. Nxf6+ Qxf6 41. Qd7+ Bf7 42. Qh3 Bh5 43. Qd7+ Bf7 44. Qg4 Be6 45. Qg3 Ng6 46. Bd2 Qxd4+ 47. Qf2 Qf6 48. f4 Qf5 49. fxg5 Qg4+ 50. Qg3 Qd4+ 51. Be3 Qg4 52. Qxg4 Bxg4 53. gxh6 Ne5 54. Kg2 Nc4 55. Bc1 Kg6 56. Kg3 Be6 57. b3 Nd6 58. h4 Nf5+ 59. Kf4 Nxh4 60. Ke5 Bh3 61. h7 Kg7 62. h8=Q+ Kxh8 63. Rh1 Nf3+ 64. Kf4 Kg7 65. Kxf3 Bf5 66. Bb2+ Kf7 67. Kf4 Be4 68. Re1 Bg6 69. b4 Bh5 70. Rc1 Ke6 71. Rxc6+ Kd7 72. Rh6 Be8 73. Ke5 Kc8 74. Kxd5 Bf7+ 75. Kd6 Bc4 76. a4 Kb7 77. Kc5 Bf7 78. Rh7 Ka6 79. b5+ Ka5 80. Rxf7 Kxa4 81. b6 Kb3 82. b7 Kxb2 83. b8=Q+ Kc3 84. Qb4+ Kd3 85. Qd4+ Ke2 86. Rf2+ Ke1 87. Qd2# 1-0

[Event "3rd FIDE WCCC Rapid U12 2019"]
[Site "Minsk"]
[Date "2019.08.17"]
[Round "6.6"]
[White "Sidletskyi, Ivan"]
[Black "Sapenov, Daniyal"]
[Result "1-0"]
[ECO "C26"]
[WhiteElo "1986"]
[BlackElo "1612"]
[Annotator "NA"]
[PlyCount "105"]
[EventDate "2019.08.16"]
[EventType "swiss"]
[EventCountry "BLR"]
[SourceTitle "playchess.com"]
[Source "ChessBase"]
[SourceQuality "1"]
[TimeControl "600+5"]

1. e4 e5 2. Bc4 Nf6 3. Nc3 Bc5 4. d3 d6 5. Be3 Bb6 6. Bxb6 axb6 7. Nge2 O-O 8. O-O Be6 9. f4 Bxc4 10. dxc4 exf4 11. Rxf4 Nbd7 12. Ng3 Ne5 13. Qe2 Ng6 14. Rf2 Nd7 15. Raf1 Nde5 16. b3 Qd7 17. Nf5 f6 18. h4 Ne7 19. Nxe7+ Qxe7 20. h5 h6 21. Rf5 Qd7 22. Qf2 Kh8 23. a4 Rae8 24. Nd5 Rf7 25. Qg3 Rg8 26. Qe3 Rgf8 27. Nf4 Kg8 28. Qg3 Kh8 29. Kh1 Re7 30. Nd5 Ref7 31. R5f4 Kh7 32. Rf5 Kh8 33. Qe3 Kh7 34. Qe2 Kh8 35. Ra1 Ra8 36. c3 Qd8 37. b4 c6 38. Nf4 Qe7 39. Rxe5 Qxe5 40. Ng6+ Kh7 41. Nxe5 fxe5 42. Rf1 Raf8 43. Rxf7 Rxf7 44. c5 dxc5 45. bxc5 bxc5 46. Qc4 Rf4 47. g3 Rg4 48. Kg2 b6 49. Kf3 Rg5 50. g4 g6 51. Qf7+ Kh8 52. hxg6 h5 53. Qf8# 1-0

[Event "3rd FIDE WCCC Rapid U12 2019"]
[Site "Minsk"]
[Date "2019.08.17"]
[Round "7.1"]
[White "Cherniaiev, Tykhon"]
[Black "Strybuk, Artsiom I"]
[Result "1/2-1/2"]
[ECO "C54"]
[WhiteElo "2112"]
[BlackElo "2200"]
[Annotator "ChessBase"]
[PlyCount "50"]
[EventDate "2019.08.16"]
[EventType "swiss"]
[EventCountry "BLR"]
[SourceTitle "playchess.com"]
[Source "ChessBase"]
[SourceQuality "1"]
[TimeControl "600+5"]

1. e4 e5 2. Nf3 Nc6 3. Bc4 Bc5 4. c3 Nf6 5. d3 O-O 6. O-O d6 7. Bg5 h6 8. Bh4 g5 9. Bg3 Bb6 10. Nbd2 Bg4 11. Re1 Nh5 12. Nf1 Qf6 13. Ne3 Bxf3 14. Qxf3 Qxf3 15. gxf3 Ne7 16. Rad1 Kg7 17. d4 f6 18. Be6 Rh8 19. Bg4 Kg6 20. Nf5 Rh7 21. Kg2 Nxg3 22. Nxe7+ Rxe7 23. hxg3 Kg7 24. Bf5 Rd8 25. f4 exf4 1/2-1/2

[Event "3rd FIDE WCCC Rapid U12 2019"]
[Site "Minsk"]
[Date "2019.08.17"]
[Round "7.2"]
[White "Brozka, Karel"]
[Black "Pidluznij, Gleb"]
[Result "0-1"]
[ECO "A48"]
[WhiteElo "1952"]
[BlackElo "1947"]
[Annotator "NA"]
[PlyCount "174"]
[EventDate "2019.08.16"]
[EventType "swiss"]
[EventCountry "BLR"]
[SourceTitle "playchess.com"]
[Source "ChessBase"]
[SourceQuality "1"]
[TimeControl "600+5"]

1. d4 Nf6 2. Nf3 g6 3. c4 Bg7 4. Nc3 O-O 5. Bg5 d6 6. e3 c5 7. Be2 Nc6 8. O-O h6 9. Bh4 g5 10. Bg3 Nh5 11. d5 Nxg3 12. hxg3 Ne5 13. Nxe5 Bxe5 14. f4 gxf4 15. gxf4 Bg7 16. Rf3 f5 17. Rg3 Kh7 18. Bd3 Bd7 19. Qe2 Bxc3 20. bxc3 Rg8 21. Rxg8 Qxg8 22. e4 Qg6 23. e5 Rg8 24. Rb1 b6 25. Rb2 h5 26. Qe3 h4 27. exd6 exd6 28. Qe7+ Rg7 29. Qxh4+ Kg8 30. Re2 Rf7 31. Qf2 Qf6 32. Qe1 Rg7 33. Rf2 Rg3 34. Rf3 Rxf3 35. gxf3 Qg7+ 36. Kf2 Kf7 37. Ke2 Qh8 38. Kd2 Qh2+ 39. Ke3 Qh8 40. Qd2 Qe8+ 41. Kf2 Qh8 42. Ke1 Qh1+ 43. Ke2 Qg2+ 44. Ke3 Qg7 45. Be2 Qf6 46. Kd3 Qh4 47. Kc2 Qf2 48. Bd1 Qg3 49. Be2 Ba4+ 50. Kb2 Qf2 51. a3 Ke7 52. Qd3 Kf6 53. Qd2 a6 54. Qd3 b5 55. cxb5 axb5 56. Qd2 Kf7 57. Qd3 Kf6 58. Qd2 Kf7 59. Qd3 Kf6 60. Qd2 b4 61. axb4 cxb4 62. cxb4 Bb5 63. Qc3+ Kg6 64. Qh8 Qxe2+ 65. Kc1 Qc4+ 66. Kd2 Qxd5+ 67. Ke1 Qe6+ 68. Kd2 Qe2+ 69. Kc1 Qe3+ 70. Kb2 Qf2+ 71. Kc1 Qe1+ 72. Kc2 Ba4+ 73. Kb2 Qxb4+ 74. Kc1 Qe1+ 75. Kb2 Qb4+ 76. Ka2 Bb3+ 77. Kb2 Bd5+ 78. Ka1 Qa3+ 79. Kb1 Qb4+ 80. Ka1 Qxf4 81. Qe8+ Bf7 82. Qc6 Qe5+ 83. Kb1 Qd5 84. Qc7 Qc5 85. Qe7 Qg1+ 86. Kb2 Qg5 87. Qxd6+ Qf6+ 0-1

[Event "3rd FIDE WCCC Rapid U12 2019"]
[Site "Minsk"]
[Date "2019.08.17"]
[Round "7.3"]
[White "Chyndygyr, Tamerlan"]
[Black "Sidletskyi, Ivan"]
[Result "1-0"]
[ECO "E73"]
[WhiteElo "1984"]
[BlackElo "1986"]
[Annotator "NA"]
[PlyCount "101"]
[EventDate "2019.08.16"]
[EventType "swiss"]
[EventCountry "BLR"]
[SourceTitle "playchess.com"]
[Source "ChessBase"]
[SourceQuality "1"]
[TimeControl "600+5"]

1. d4 Nf6 2. c4 g6 3. Nc3 Bg7 4. e4 d6 5. Be2 O-O 6. Bg5 h6 7. Bf4 Nbd7 8. Qd2 Kh7 9. Nf3 c6 10. O-O Nh5 11. Be3 e5 12. dxe5 dxe5 13. Qd6 Re8 14. c5 Bf8 15. Qd2 Nhf6 16. Bc4 Qe7 17. h3 Nxc5 18. Bxc5 Qxc5 19. Bxf7 Re7 20. Bb3 b5 21. Rfd1 b4 22. Na4 Qb5 23. Qe3 Be6 24. Rac1 Bxb3 25. axb3 Rd7 26. Rxd7+ Nxd7 27. Rd1 Rd8 28. Qxa7 c5 29. Nxe5 Bg7 30. Nxd7 Qc6 31. Nf8+ Rxf8 32. Nxc5 Ra8 33. Qe7 Re8 34. Qd6 Qxd6 35. Rxd6 Bxb2 36. f4 Bc1 37. Re6 Rd8 38. Re7+ Kg8 39. Ne6 Rd3 40. Rg7+ Kh8 41. Rxg6 Rxb3 42. Rxh6+ Kg8 43. Rg6+ Kf7 44. f5 Rb1 45. Kf2 Bb2 46. Ng5+ Kf8 47. f6 Bd4+ 48. Ke2 b3 49. f7 Bg7 50. Rb6 b2 51. Rb7 1-0

[Event "3rd FIDE WCCC Rapid U12 2019"]
[Site "Minsk"]
[Date "2019.08.17"]
[Round "7.4"]
[White "Dang, Anh Minh"]
[Black "Saveljev, Ivan"]
[Result "0-1"]
[ECO "D79"]
[WhiteElo "1891"]
[BlackElo "2040"]
[Annotator "NA"]
[PlyCount "136"]
[EventDate "2019.08.16"]
[EventType "swiss"]
[EventCountry "BLR"]
[SourceTitle "playchess.com"]
[Source "ChessBase"]
[SourceQuality "1"]
[TimeControl "600+5"]

1. d4 Nf6 2. c4 g6 3. g3 d5 4. Bg2 Bg7 5. Nf3 O-O 6. O-O c6 7. cxd5 cxd5 8. Nc3 Nc6 9. Bf4 b6 10. Ne5 Bb7 11. Nxc6 Bxc6 12. Be5 Qd7 13. Qb3 Rfd8 14. Rac1 Rac8 15. e3 Ne4 16. Nxe4 dxe4 17. Bxg7 Kxg7 18. Qa3 Bd5 19. b3 e6 20. Rfd1 a5 21. Bf1 a4 22. b4 h5 23. b5 h4 24. Qb2 a3 25. Qxa3 Ra8 26. Qc3 Rdc8 27. Qb4 Rxa2 28. Qe1 hxg3 29. hxg3 Raa8 30. Rxc8 Rxc8 31. Rc1 Qb7 32. Rc3 Qa8 33. Qc1 Bb7 34. Bg2 Qb8 35. Rxc8 Qxc8 36. Qxc8 Bxc8 37. Bxe4 Kf8 38. Bc6 Ke7 39. Kf1 Kd6 40. Ke2 e5 41. dxe5+ Kxe5 42. f4+ Kd6 43. Kd3 Kc5 44. Ke4 f6 45. Kd3 Be6 46. e4 Bc4+ 47. Ke3 Bxb5 48. Bb7 Bc4 49. e5 fxe5 50. fxe5 Be6 51. Be4 g5 52. Kd3 b5 53. Kc3 b4+ 54. Kd3 Ba2 55. Bf3 Bc4+ 56. Kc2 Kd4 57. e6 Bxe6 58. Kb2 Ke3 59. Bd1 Kf2 60. g4 Kg3 61. Be2 Bxg4 62. Bc4 Bd1 63. Kc1 Ba4 64. Kd2 g4 65. Ke3 Bc2 66. Kd2 b3 67. Kc3 Kf2 68. Bd5 g3 0-1

[Event "3rd FIDE WCCC Rapid U12 2019"]
[Site "Minsk"]
[Date "2019.08.17"]
[Round "7.5"]
[White "Siniukovich, Ivan"]
[Black "Ponomarev, Vsevolod"]
[Result "1-0"]
[ECO "B90"]
[WhiteElo "1685"]
[BlackElo "1980"]
[Annotator "NA"]
[PlyCount "59"]
[EventDate "2019.08.16"]
[EventType "swiss"]
[EventCountry "BLR"]
[SourceTitle "playchess.com"]
[Source "ChessBase"]
[SourceQuality "1"]
[TimeControl "600+5"]

1. e4 c5 2. Nf3 d6 3. d4 cxd4 4. Nxd4 Nf6 5. Nc3 a6 6. a4 e6 7. Be3 Be7 8. Be2 Nc6 9. O-O O-O 10. f4 Qc7 11. Qe1 Na5 12. Rd1 Nc4 13. Bxc4 Qxc4 14. Qg3 Kh8 15. e5 dxe5 16. fxe5 Ng8 17. Rf4 Qc7 18. Rg4 g6 19. Rf1 Bd7 20. Ne4 h5 21. Rg5 Bxg5 22. Qxg5 Qd8 23. Nf6 Qe7 24. g4 Rfd8 25. gxh5 Qf8 26. hxg6 Nxf6 27. Rxf6 Qg7 28. Rxf7 Qxg6 29. Qxg6 Rg8 30. Rh7# 1-0